 Dungeon Crawl Stone Soup version 0.29.1-2-gbd0b4ee654 (webtiles) character file.

Game seed: 14774790771640256855

88 styxcanada the Covert (level 4, -2/23 HPs)
             Began as a Spriggan Brigand on Nov 18, 2022.
             Slain by a gnoll
             ... wielding a +0 flail
              (8 damage)
             ... on level 2 of the Dungeon.
             The game lasted 00:05:07 (1573 turns).

styxcanada the Covert (Spriggan Brigand)            Turns: 1573, Time: 00:05:07

Health: -2/23      AC:  3    Str:  7    XL:     4   Next: 29%
Magic:  5/5        EV: 16    Int: 12    God:
Gold:   56         SH:  0    Dex: 18    Spells: 3/3 levels left

rFire   . . .      SeeInvis +   a - +3 dagger
rCold   . . .      Faith    .   (no shield)
rNeg    . . .      Spirit   .   b - +0 robe
rPois   .          Reflect  .   (helmet restricted)
rElec   .          Harm     .   c - +0 cloak
rCorr   .          Rampage  .   (gloves unavailable)
Will    .....                   (boots unavailable)
Stlth   ++++......              j - amulet of magic regeneration
HPRegen 0.07/turn               n - ring of wizardry
MPRegen 0.49/turn               (no ring)

@: very quick
A: very small, no large weapons, unfitting armour, see invisible, speed 3
a: no special abilities


You were on level 2 of the Dungeon.
You visited 1 branch of the dungeon, and saw 2 of its levels.

You collected 56 gold pieces.

Inventory:

Hand Weapons
 a - a +3 dagger (weapon)
 o - a +0 sling
Missiles
 d - 6 poisoned darts
 e - 2 curare-tipped darts (quivered)
 k - 18 stones
Armour
 b - a +0 robe (worn)
 c - a +0 cloak (worn)
Jewellery
 h - an amulet of the acrobat
 j - an amulet of magic regeneration (around neck)
 n - a ring of wizardry (left hand)
Scrolls
 f - 2 scrolls of identify
 i - a scroll of magic mapping
Potions
 g - a potion of might
 l - a potion of degeneration {unknown}
 m - 2 potions of flight
 p - a potion of curing {unknown}
 q - a potion of berserk rage {unknown}


   Skills:
 * Level 1.8 Fighting
 + Level 2.2 Short Blades
 + Level 2.0 Throwing
 * Level 1.6 Dodging
 * Level 8.5 Stealth


You had 3 spell levels left.
You didn't know any spells.
Your spell library was empty.

Dungeon Overview and Level Annotations

Branches:
Dungeon (2/15)

Altars:


Innate Abilities, Weirdness & Mutations

You are very small and have problems with some larger weapons.
You are too small for most types of armour.
You have supernaturally acute eyesight. (SInv)
You cover ground extremely quickly. (Speed+++)


Message History

Things that are here:
a +0 spear; a gnoll corpse
d - 2 poisoned darts
d - 3 poisoned darts (gained 1)
d - 4 poisoned darts (gained 1)
Things that are here:
a +0 whip; a gnoll corpse
d - 6 poisoned darts (gained 2)
You see here a poisoned dart.
You see here a poisoned dart.
The gnoll hits you with a +0 flail.
You see here a poisoned dart.
You hit the gnoll.
The gnoll is moderately wounded.
The gnoll closely misses you.
You hit the gnoll.
The gnoll is moderately wounded.
You hit the gnoll.
The gnoll is severely wounded.
The gnoll hits you with a +0 flail!
You barely miss the gnoll.
The gnoll is heavily wounded.
The gnoll closely misses you.
You hit the gnoll but do no damage.
The gnoll is heavily wounded.
The gnoll barely misses you.
You barely miss the gnoll.
The gnoll is heavily wounded.
The gnoll closely misses you.
You closely miss the gnoll.
The gnoll is heavily wounded.
The gnoll misses you.
You hit the gnoll.
The gnoll is almost dead.
The gnoll hits you with a +0 flail.
* * * LOW HITPOINT WARNING * * *
You hit the gnoll but do no damage.
The gnoll is almost dead.
The gnoll hits you with a +0 flail!
You die...

.........,,,,,,,,,,,,,,,,,*
...........,,,,...PPP.PP..#
...........,,,,,..PPP.PPP.#
.........#******#.......P.#
#........# #.P...P...#
#........# #.PPP.....#
#........# #..PP..P..#
.........#########.......##
).)........).((.@g...†>...#
.........#############.####
.........### ########.#
#..........# #......#.#
#........#.####...[..#.#
##########....#......#.#
##########.#......#.########*
#......(...........^........*
#...................#######.*


You could see a gnoll.

Vanquished Creatures
  3 gnolls (D:2)
  An adder (D:2)
  A worm (D:2)
  3 dart slugs (D:1)
  3 endoplasms
  4 goblins
  6 hobgoblins
  3 jackals (D:1)
  A quokka (D:1)
  3 ball pythons
  2 bats
  5 frilled lizards
  3 kobolds (D:1)
  4 rats (D:1)
42 creatures vanquished.

Vanquished Creatures (others)
  3 plants (D:2)
3 creatures vanquished.

Grand Total: 45 creatures vanquished

Notes
Turn   | Place    | Note
-------+----------+-------------------------------------------
     0 | D:1      | styxcanada the Spriggan Brigand began the quest for the
                  | Orb.
     0 | D:1      | Reached XP level 1. HP: 10/10 MP: 2/2
    18 | D:1      | Reached skill level 6 in Stealth
   133 | D:1      | Reached XP level 2. HP: 7/14 MP: 3/3
   567 | D:1      | Reached skill level 7 in Stealth
   772 | D:1      | Found a faded altar of an unknown god.
   904 | D:1      | Reached XP level 3. HP: 18/18 MP: 4/4
  1460 | D:2      | Reached skill level 8 in Stealth
  1520 | D:2      | Reached XP level 4. HP: 23/23 MP: 5/5
  1573 | D:2      | Slain by a gnoll

Illustrated notes

Levels and vault maps discovered:
D:1:      dpeg_arrival_tiny_h, layout_basic,
          hellmonk_ecumenical_altar_heavens_door
D:2:      layout_basic, nicolae_grassy_gnolls

Skill      XL: |  1  2  3 |
---------------+----------+-----
Stealth        | 6 7 8 |  8.5
Fighting       | |  1.8
Short Blades   | |  2.2
Throwing       | |  2.0
Dodging        | |  1.6

Action                   |  1- 3 |  4- 6 || total
-------------------------+-------+-------++-------
Melee: Dagger            |    72 |    11 ||    83
       Punch             |     1 |       ||     1
Throw: Dart              |     6 |     6 ||    12
  Use: Scroll            |     5 |       ||     5
 Stab: Sleeping          |    20 |       ||    20
       Distracted        |     1 |       ||     1
Armor: Robe              |    10 |       ||    10
Dodge: Dodged            |    23 |     6 ||    29
